 Dungeon Crawl Stone Soup version 0.16-a0-2736-g1697cd3 (webtiles) character file.

6571 Ratboiler the Spear-Bearer (level 11, -3/68 HPs)
             Began as a Formicid Venom Mage on Nov 26, 2014.
             Was a Priest of Zin.
             Slain by a spiny frog (20 damage)
             ... on level 9 of the Dungeon.
             The game lasted 00:48:34 (11540 turns).

Ratboiler the Spear-Bearer (Formicid Venom Mage)   Turns: 11540, Time: 00:48:34

Health: -3/68      AC: 11    Str: 12    XL:     11   Next: 21%
Magic:  17/25      EV: 11    Int: 16    God:    Zin [***...]
Gold:   297        SH:  0    Dex: 14    Spells: 3 memorised, 8 levels left

rFire  . . .     SeeInvis +     a - +6 trident "Ethrou Heva" {flame, rElec}
rCold  . . .     Clarity  .     f - +0 ring mail
rNeg   . . .     SustAb   .     (no shield)
rPois  .         Gourm    .     (helmet unavailable)
rElec  +         Spirit   .     j - +1 cloak {+Inv}
rCorr  .         Warding  .     (no gloves)
rMut   .         Stasis   +     (no boots)
MR     +....                    (no amulet)
Stlth  +.........               c - +2 ring of evasion
                                M - +4 ring of protection (curse)

@: short of breath, very slightly contaminated, somewhat resistant to hostile
enchantments, very unstealthy
A: permanent stasis, dig shafts and tunnels, four strong arms, antennae 3
a: Dig, Shaft Self, Recite, Vitalisation, Imprison, Renounce Religion, Evoke
Invisibility


You were on level 9 of the Dungeon.
You worshipped Zin.
Zin was most pleased with you.
You were not hungry.

You visited 3 branches of the dungeon, and saw 11 of its levels.

You collected 330 gold pieces.
You donated 33 gold pieces to Zin.

Inventory:

Hand weapons
 a - the +6 trident "Ethrou Heva" (weapon) {flame, rElec}
   (You found it on level 7 of the Dungeon)

   It emits flame when wielded, causing extra injury to most foes and up to
   double damage against particularly susceptible opponents.
   It insulates you from electricity.
 b - a +0 blowgun
 e - a +0 halberd
Missiles
 k - 59 poisoned needles
Armour
 f - a +0 ring mail (worn)
 j - a +1 cloak of invisibility (worn)
 A - a +0 robe
 H - a +0 large shield
Magical staves
 p - an uncursed staff of fire
Jewellery
 c - a +2 ring of evasion (right hand)
 r - an uncursed ring of stealth
 u - an uncursed ring of protection from fire
 D - an uncursed ring of magical power
 M - a cursed +4 ring of protection (left hand)
Magical devices
 C - a wand of cold (7)
 E - a wand of fire (8)
 K - a wand of fire (4)
Scrolls
 o - a scroll of amnesia {unknown}
 x - a scroll of fear {unknown}
 y - 2 scrolls of fog {unknown}
 B - a scroll of noise {unknown}
 G - 2 scrolls of enchant weapon {unknown}
 I - a scroll of enchant armour {unknown}
 N - a scroll of vulnerability {unknown}
 O - a scroll of brand weapon {unknown}
 Q - a scroll of random uselessness {unknown}
Potions
 g - a potion of magic
 h - 2 potions of might {unknown}
 l - 2 potions of flight {unknown}
 m - a potion of brilliance
 q - a potion of restore abilities
 s - a potion of invisibility
 t - a potion of resistance
Books
 v - a book of the Tempests

   Spells                             Type                      Level
   Static Discharge                   Conjuration/Air              3
   Lightning Bolt                     Conjuration/Air              5
   Fireball                           Conjuration/Fire             5
   Tornado                            Air                          9
   Shatter                            Earth                        9
 J - a Young Poisoner's Handbook

   Spells                             Type                      Level
   *Sting                             Conjuration/Poison           1
   *Cure Poison                       Poison                       2
   *Mephitic Cloud                    Conjuration/Poison/Air       3
   Olgreb's Toxic Radiance            Poison                       4
   Venom Bolt                         Conjuration/Poison           5
 P - a book of Envenomations

   Spells                             Type                      Level
   Spider Form                        Transmutation/Poison         3
   Alistair's Intoxication            Transmutation/Poison         4
   Olgreb's Toxic Radiance            Poison                       4
   Poisonous Cloud                    Conjuration/Poison/Air       6
Comestibles
 n - 5 bread rations
 w - 2 beef jerkies
 z - 4 meat rations


   Skills:
 + Level 13.8 Polearms
 - Level 1.7 Dodging
 - Level 2.4 Stealth
 - Level 2.1 Spellcasting
 - Level 2.0 Conjurations
 - Level 2.0 Air Magic
 - Level 7.0 Poison Magic
 + Level 5.0 Invocations
 - Level 9.0 Evocations


You had 8 spell levels left.
You knew the following spells:

 Your Spells              Type           Power        Failure   Level  Hunger
a - Sting                 Conj/Pois      ###.         6%          1    #......
b - Cure Poison           Pois           ###.......   2%          2    ###....
c - Mephitic Cloud        Conj/Pois/Air  ##......     21%         3    ###....


Dungeon Overview and Level Annotations

Branches:
Dungeon (9/15)             Temple (1/1) D:4            Lair (1/8) D:9
    Orc (0/4) D:9

Altars:
Ashenzari
Cheibriados
Dithmenos
Elyvilon
Fedhas
Gozag
Kikubaaqudgha
Makhleb
Nemelex Xobeh
Okawaru
Qazlal
Ru
Sif Muna
Trog
Vehumet
Xom
Yredelemnul
Zin
The Shining One

Shops:
D:6 *

Annotations:
D:5 Grinder, Pikel
D:7 exclusion: door


Innate Abilities, Weirdness & Mutations

You are under a permanent stasis effect.
You can dig through walls and to a lower floor.
Your four strong arms can wield two-handed weapons with a shield.
You have a pair of large antennae on your head (SInv).


Message History

Drink which item? (? for menu, Esc to quit)
You feel better. The spiny frog completely misses you.
You puncture the spiny frog! You burn the spiny frog.
The spiny frog is heavily wounded.
The spiny frog closely misses you.
You puncture the spiny frog! You burn the spiny frog.
The spiny frog is severely wounded.
You barely miss the spiny frog.
The spiny frog is severely wounded.
The spiny frog stings you!
* * * LOW HITPOINT WARNING * * *
You are lethally poisoned!
The spiny frog poisons you!
Drink which item? (? for menu, Esc to quit)
You feel better.
The spiny frog stings you but does no damage.
You completely miss the spiny frog.
The spiny frog is severely wounded.
The spiny frog stings you!!
You die...

#.# #{# #.... #.# #.# #
###.# #.# #.# .. #.> ##.#
#.# .# ### #..# #.# .# #.##
#.# .# #.# #.### ### .# #.#
#...#######>##.##.###
##.#####........@FW..[.....#
#........#.#########.#####>#
#### #.?#######.# #...#
..... #..# #.#
###.#.##########
#..#######.#
#...............
#.......##.#
#.#.......######
#..###.....#
#.#.......##..##
#..###..##........
##.....##....#
#.......##########.
###.###.....#


You could see a spiny frog and a phantom.

Vanquished Creatures
  A hill giant (D:9)
  A hungry ghost (D:8)
  3 slaves (D:5)
  3 orc warriors
  2 ice beasts (D:9)
  5 sky beasts
  5 ogres
  A black bear (D:9)
  A phantom (D:9)
  A centaur (D:9)
  Duvessa (D:5)
  A big kobold (D:9)
  7 giant frogs
  6 killer bees (D:7)
  3 scorpions
  A giant frog zombie (D:6)
  A goliath beetle (D:8)
  3 crimson imps
  7 hounds
  Dowan (D:5)
  An iguana (D:7)
  2 giant frog skeletons (D:4)
  Crazy Yiuf (D:4)
  15 orc wizards
  6 orc priests
  3 worker ants
  A hound zombie (D:5)
  3 hound skeletons
  A worker ant zombie (D:8)
  2 river rats (D:5)
  A giant mite (D:4)
  11 adders
  3 shadow imps
  2 worms
  3 adder skeletons
  5 giant geckos
  An ooze (D:5)
  44 orcs
  3 ball pythons
  A bat skeleton (D:5)
  8 giant cockroaches
  16 hobgoblins
  9 jackals
  3 quokkas
  13 bats
  2 giant newts
  12 goblins
  A jackal skeleton (D:7)
  18 kobolds
  11 rats
256 creatures vanquished.

Notes
Turn   | Place    | Note
--------------------------------------------------------------
     0 | D:1      | Ratboiler, the Formicid Venom Mage, began the quest for the Orb.
     0 | D:1      | Reached XP level 1. HP: 13/13 MP: 3/3
   148 | D:1      | Reached XP level 2. HP: 19/19 MP: 3/5
   152 | D:1      | Learned a level 2 spell: Cure Poison
   231 | D:1      | Reached skill level 6 in Poison Magic
   482 | D:1      | Reached XP level 3. HP: 20/24 MP: 1/7
   750 | D:2      | Learned a level 3 spell: Mephitic Cloud
   829 | D:2      | Reached skill level 7 in Poison Magic
   854 | D:2      | Reached XP level 4. HP: 18/30 MP: 4/8
  1217 | D:2      | Reached skill level 1 in Polearms
  2034 | D:3      | Reached XP level 5. HP: 35/35 MP: 2/11
  2466 | D:4      | Reached skill level 1 in Conjurations
  2466 | D:4      | Reached skill level 1 in Air Magic
  2479 | D:4      | Reached XP level 6. HP: 10/41 MP: 10/12
  2754 | D:4      | Noticed a yak
  3185 | D:3      | Reached XP level 7. HP: 43/46 MP: 11/14
  3449 | D:4      | Noticed Crazy Yiuf
  3465 | D:4      | Killed Crazy Yiuf
  3724 | D:4      | Found a staircase to the Ecumenical Temple.
  3724 | D:4      | Noticed an ogre
  3751 | D:4      | Killed an ogre
  3751 | D:4      | Reached skill level 5 in Polearms
  3757 | Temple   | Entered the Ecumenical Temple
  3830 | Temple   | Became a worshipper of Zin the Law-Giver
  3830 | Temple   | Acquired Zin's first power
  3879 | D:4      | Reached skill level 1 in Invocations
  4178 | D:5      | Entered Level 5 of the Dungeon
  4229 | D:5      | Noticed Grinder
  4494 | D:5      | Reached XP level 8. HP: 27/52 MP: 16/16
  5207 | D:5      | Reached skill level 5 in Invocations
  5444 | D:5      | Noticed Pikel
  6109 | D:5      | Noticed Duvessa
  6109 | D:5      | Noticed Dowan
  6437 | D:5      | Killed Dowan
  6456 | D:5      | Killed Duvessa
  7151 | D:6      | Found Yret's Elemental Accessories.
  7242 | D:6      | Reached XP level 9. HP: 46/57 MP: 11/18
  7391 | D:6      | Reached skill level 8 in Polearms
  7548 | D:6      | Reached skill level 1 in Evocations
  7989 | D:7      | Reached skill level 9 in Polearms
  8013 | D:7      | Reached skill level 12 in Polearms
  8013 | D:7      | Reached XP level 10. HP: 16/63 MP: 13/23
  8366 | D:7      | Got a pitted trident
  8367 | D:7      | Identified the +6 trident "Ethrou Heva" {flame, rElec} (You found it on level 7 of the Dungeon)
  8998 | D:7      | Reached skill level 13 in Polearms
  9322 | D:7      | Found a bloodstained altar of Trog.
  9459 | D:8      | Acquired Zin's second power
  9635 | D:8      | Found a basalt altar of Yredelemnul.
 10093 | D:8      | Acquired Zin's third power
 10383 | D:9      | Reached XP level 11. HP: 63/68 MP: 25/25
 10410 | D:9      | Noticed a wizard
 10411 | D:9      | Noticed a hill giant
 10456 | D:9      | Found a staircase to the Lair.
 10971 | D:9      | Killed a hill giant
 11012 | D:9      | Found a staircase to the Orcish Mines.
 11523 | Lair:1   | Entered Level 1 of the Lair of Beasts
 11540 | D:9      | Slain by a spiny frog

Action                   |  1- 3 |  4- 6 |  7- 9 | 10-12 || total
-------------------------+-------+-------+-------+-------++-------
Melee: Unarmed           |     4 |       |       |       ||     4
       Spear             |    21 |   147 |   151 |       ||   319
       Trident           |       |       |   252 |   175 ||   427
       Halberd           |       |       |    72 |    11 ||    83
 Fire: Blowgun           |       |       |       |     7 ||     7
 Cast: Sting             |    48 |    77 |   123 |    47 ||   295
       Mephitic Cloud    |       |     4 |    35 |    17 ||    56
Invok: Recite            |       |       |     6 |     4 ||    10
 Abil: Dig               |       |       |     6 |     1 ||     7
       Evoke Invisibilit |       |       |       |     1 ||     1
  Use: Scroll            |       |     1 |     7 |     5 ||    13
       Potion            |       |       |     1 |     3 ||     4
 Stab: Confused          |       |     2 |     8 |     9 ||    19
       Sleeping          |       |       |     2 |     1 ||     3
       Invisible         |       |       |       |     3 ||     3
  Eat: Chunk             |     1 |     8 |     9 |     3 ||    21
       Beef jerky        |       |     1 |       |     4 ||     5
       Fruit             |       |       |     4 |     5 ||     9
       Bread ration      |       |       |     2 |       ||     2
       Pizza             |       |       |     1 |     1 ||     2
       Meat ration       |       |       |       |     1 ||     1
